 Dungeon Crawl Stone Soup version 0.30.0 (webtiles) character file.

Game seed: 4669002839358392526

46 Dani the Chopper (level 3, 29/29 HPs)
             Began as a Demonspawn Fighter on May 20, 2023.
             Quit the game on level 3 of the Dungeon.
             The game lasted 00:03:26 (1667 turns).

Dani the Chopper (Demonspawn Fighter)               Turns: 1667, Time: 00:03:26

Health: 29/29      AC:  6    Str: 16    XL:     3   Next: 46%
Magic:  3/3        EV:  8    Int: 11    God:
Gold:   96         SH:  4    Dex: 12    Spells: 2/2 levels left

rFire   + . .        a - +2 war axe
rCold   . . .        c - +0 buckler
rNeg    . . .        b - +0 scale mail
rPois   .            (helmet restricted)
rElec   .            (no cloak)
rCorr   .            (no gloves)
SInv    .            (no boots)
Will    .....        (no amulet) Stlth
                     f - ring of protection from fire
HPRegen 0.24/turn    (no ring)
MPRegen 0.08/turn

%: no passive effects
@: no status effects
A: claws 1, horns 1
a: no special abilities


You were on level 3 of the Dungeon.
You visited 1 branch of the dungeon, and saw 3 of its levels.

You collected 96 gold pieces.

Inventory:

Hand Weapons
 a - a +2 war axe (weapon)
Armour
 b - a +0 scale mail (worn)
 c - a +0 buckler (worn)
Jewellery
 f - a ring of protection from fire (left claw)
   (You found it on level 1 of the Dungeon)
 h - a ring of positive energy
   (You found it on level 1 of the Dungeon)
Wands
 I - a wand of iceblast (13)
   (You found it on level 2 of the Dungeon)
Scrolls
 M - a scroll of magic mapping
 R - 3 scrolls of identify {@r1}
 T - 5 scrolls of teleportation
Potions
 d - a potion of might
 e - a potion of curing {unknown}
 i - a potion of lignification


   Skills:
 - Level 3.0 Fighting
 + Level 3.5 Axes
 - Level 2.6 Armour
 - Level 2.6 Shields


You had 2 spell levels left.
You didn't know any spells.
Your spell library contained the following spells:

 Spells                   Type           Power      Damage    Failure   Level
 Freeze                   Ice            0%         1d3       86%         1
 Necrotise                Necr           0%         1d4       86%         1
 Shock                    Conj/Air       0%         1d3       86%         1
 Frozen Ramparts          Ice            0%         1d1       99%         3
 Hailstorm                Conj/Ice       0%         3d3       99%         3
 Swiftness                Air            0%         N/A       99%         3
 Vampiric Draining        Necr           0%         2d6       99%         3
 Airstrike                Air            0%         2d(0-16)  100%        4
 Agony                    Necr           0%         N/A       100%        5


Dungeon Overview and Level Annotations

Branches:
Dungeon (3/15)

Altars:

Shops:
D:1 [


Innate Abilities, Weirdness & Mutations

You have sharp fingernails.
You have a pair of small horns on your head.


Message History

You slash the rat!
You kill the rat!
You see here a rat corpse.
You pick up a book of Frost and begin reading...
You add the spells Freeze, Frozen Ramparts and Hailstorm to your library.
No target in view!
Found 4 stones.
R - 3 scrolls of identify {@r1} (gained 1) No target in view!
You see here a staff of poison.
Key pressed, stopping explore.
No target in view!
Key pressed, stopping explore.
No target in view!
A goblin comes into view. It is wielding a +0 dagger.
The goblin shouts!
The goblin closely misses you.
A goblin is nearby!
You barely miss the goblin. The goblin hits you but does no damage.
A goblin is nearby!
A goblin is nearby!
You barely miss the goblin. The goblin barely misses you.
The goblin hits you but does no damage.
A goblin is nearby!
You barely miss the goblin. You headbutt the goblin.
You kill the goblin!
Key pressed, stopping explore.
No target in view!
Key pressed, stopping explore.
No target in view!
You see here a rat corpse.
Key pressed, stopping explore.
No target in view!
I - a wand of iceblast (13)
Found a stone staircase leading down.
You now have 96 gold pieces (gained 15).
Key pressed, stopping explore.
There is a stone staircase leading down here.
Key pressed, stopping explore.
Key pressed, stopping explore.
There is a stone staircase leading down here.
Key pressed, stopping explore.
You see here a rat corpse.
Key pressed, stopping explore.
Key pressed, stopping explore.
Key pressed, stopping explore.
Done exploring.
Done exploring.
Done exploring.
Done exploring.
No target in view!
Done exploring.
No target in view!
Done exploring.
You don't know any spells.
You see here a rat corpse.
There is a stone staircase leading down here.
You climb downwards.
The ball python hisses angrily.
There is a stone staircase leading up here.
A ball python is nearby!
A ball python is nearby!
A ball python is nearby!
Found a helmet.
A ball python is nearby!
You barely miss the ball python. The ball python barely misses you.
You block the ball python's attack.
The ball python bites you but does no damage.
The ball python grabs you. The ball python constricts you.
You slash the ball python!
You kill the ball python!
Key pressed, stopping explore.
No target in view!
Unknown command.
Key pressed, stopping explore.
No target in view!
Unknown command.
Key pressed, stopping explore.
No target in view!
No target in view!
Found a rapier.
No target in view!
An adder comes into view.
You slash the adder!
The adder is almost dead.
The adder bites you but does no damage.
An adder is nearby!
You hit the adder.
You kill the adder!
You pick up a book of Necromancy and begin reading...
You add the spells Necrotise, Vampiric Draining and Agony to your library.
No target in view!
Are you sure you want to abandon this character and quit the game? (Confirm with "yes".)
Okay, then.
Sorry, you're not good enough to have a special ability.
Unknown command.
Are you sure you want to abandon this character and quit the game? (Confirm with "yes".)
Okay, then.
Are you sure you want to abandon this character and quit the game? (Confirm with "yes".)

#. ##### #. #...# #.
#######.#.# #.
..#.......# #.##
#.#.###.###.# ..#
#<#.###...).# #.#
##......########@###
..........#........#
#...P..P............#
#.....................#
..P......P..............
.........[..............
........................
..P......P......$.......
#.......................


There were no monsters in sight!

Vanquished Creatures
  An adder (D:3)
  A worm (D:2)
  2 dart slugs
  5 ball pythons
  3 endoplasms
  6 goblins
  2 hobgoblins
  2 quokkas
  2 bats
  A frilled lizard (D:1)
  2 kobolds (D:1)
  4 rats
31 creatures vanquished.

Notes
Turn   | Place    | Note
-------+----------+-------------------------------------------
     0 | D:1      | Dani the Demonspawn Fighter began the quest for the Orb.
     0 | D:1      | Reached XP level 1. HP: 18/18 MP: 1/1
    53 | D:1      | Found Viosem's Antique Armour Emporium.
    90 | D:1      | Reached skill level 2 in Axes
   332 | D:1      | Discovered your monstrous ancestry.
   332 | D:1      | Gained mutation: You have a pair of small horns on your
                  | head. [demonic ancestry]
   332 | D:1      | Reached XP level 2. HP: 23/24 MP: 2/2
   937 | D:2      | Reached skill level 3 in Axes
  1265 | D:2      | Gained mutation: You have sharp fingernails. [demonic
                  | ancestry]
  1265 | D:2      | Reached XP level 3. HP: 29/29 MP: 3/3
  1667 | D:3      | Quit the game

Illustrated notes

Levels and vault maps discovered:
D:1:      minmay_arrival_four_loops, layout_loops_ring, serial_shops,
          nicolae_shop_waterfront, minmay_tiny_reverse_x
D:2:      layout_loops_ring, chequers_serial_rivers_small_a
D:3:      layout_basic, amcnicky_altar_gilded, serial_forest,
          infiniplex_forest_pool, infiniplex_forest_clump_curved,
          infiniplex_forest_clump_long, infiniplex_forest_clump_double,
          infiniplex_forest_fountain, ebering_dispersal_statue_hall,
          minmay_misc_feat_plants

Skill      XL: |  1  2 |
---------------+-------+-----
Axes           | 2 3 |  3.5
Fighting       | |  3.0
Armour         | |  2.6
Shields        | |  2.6

Action                     || total
---------------------------++-------
  Melee: War axe           ||    69
         Headbutt          ||     5
    Use: Scroll            ||     8
 Armour: Scale mail        ||    27
  Dodge: Dodged            ||    23
  Block: Buckler           ||    15

Levels and vault maps discovered:
D:1:      minmay_arrival_four_loops, layout_loops_ring, serial_shops,
          nicolae_shop_waterfront, minmay_tiny_reverse_x
D:2:      layout_loops_ring, chequers_serial_rivers_small_a
D:3:      layout_basic, amcnicky_altar_gilded, serial_forest,
          infiniplex_forest_pool, infiniplex_forest_clump_curved,
          infiniplex_forest_clump_long, infiniplex_forest_clump_double,
          infiniplex_forest_fountain, ebering_dispersal_statue_hall,
          minmay_misc_feat_plants

Table legend: (Time is in decaauts)
 A = Elapsed time spent in this place.
 B = Non-inter-level travel time spent in this place.
 C = Inter-level travel time spent in this place.
 D = Time resting spent in this place.
 E = Time spent auto-exploring this place.
 F = Levels seen in this place.
 G = Mean time per level.
                   A        B        C        D        E       F      G
               +--------+--------+--------+--------+--------+-----+--------+
         Total |   1693 |   1623 |     70 |      0 |   1376 |   3 |  564.3 |
       Dungeon |   1693 |   1623 |     70 |      0 |   1376 |   3 |  564.3 |
               +--------+--------+--------+--------+--------+-----+--------+

Top non-repeatable levels by time:
     D:1: 894 daAuts
     D:2: 763 daAuts
     D:3: 36 daAuts

Table legend:
 A = Kills in this place as a percentage of kills in the entire game.
 B = Kills by you in this place as a percentage of kills by you in the entire game.
 C = Kills by friends in this place as a percentage of kills by friends in the entire game.
 D = Other kills in this place as a percentage of other kills in the entire game.
 E = Experience gained in this place as a percentage of experience gained in the entire game.
 F = Experience gained in this place divided by the number of levels of this place that you have seen.
                   A       B       C       D       E      F
               +-------+-------+-------+-------+-------+----------------------
         Total | 100.0 | 100.0 |   N/A |   N/A | 100.0 |  22.3
       Dungeon | 100.0 | 100.0 |   N/A |   N/A | 100.0 |  22.3
               +-------+-------+-------+-------+-------+----------------------
